 Dungeon Crawl Stone Soup version 0.31-a0-851-g7ff8af7976 (webtiles) character file.

Game seed: 18102438752329080327

57 Dirtsage the Chopper (level 3, 26/29 HPs)
             Began as a Demonspawn Berserker on Oct 5, 2023.
             Was a Believer of Trog.
             Quit the game on level 2 of the Dungeon.
             The game lasted 00:01:56 (1026 turns).

Dirtsage the Chopper (Demonspawn Berserker)         Turns: 1026, Time: 00:01:57

Health: 26/29      AC:  6    Str: 19    XL:     3   Next: 73%
Magic:  3/3        EV: 11    Int:  8    God:    Trog [**....]
Gold:   18         SH:  0    Dex: 12    Spells: 2/2 levels left

rFire   . . .        a - +0 hand axe
rCold   . . .        (no shield)
rNeg    . . .        d - +0 ring mail
rPois   .            (no helmet)
rElec   .            (no cloak)
rCorr   .            (no gloves)
SInv    .            f - +0 pair of boots
Will    .....        c - amulet of faith
Stlth   +            (no ring)
HPRegen 0.24/turn    (no ring)
MPRegen 0.16/turn

%: faith
@: no status effects
A: foul stench 1, magic regeneration
a: Renounce Religion, Berserk, Trog's Hand


You were on level 2 of the Dungeon.
You worshipped Trog.
Trog was pleased with you.
You visited 1 branch of the dungeon, and saw 2 of its levels.

You collected 48 gold pieces.
You spent 30 gold pieces at shops.

Inventory:

Hand Weapons
 a - a +0 hand axe (weapon)
Armour
 b - a +0 animal skin
 d - a +0 ring mail (worn)
 f - a +0 pair of boots (worn)
 g - a +0 plate armour
Jewellery
 c - an amulet of faith (around neck)
Scrolls
 t - a scroll of teleportation
Potions
 e - a potion of attraction {unknown}
 h - a potion of enlightenment {unknown}


   Skills:
 - Level 3.0 Fighting
 + Level 4.3 Axes
 - Level 1.7 Armour
 - Level 1.7 Dodging


You had 2 spell levels left.
You didn't know any spells.
Your spell library was empty.

Dungeon Overview and Level Annotations

Branches:
Dungeon (2/15)

Altars:

Shops:
D:1 ?


Innate Abilities, Weirdness & Mutations

You may rarely emit foul miasma when damaged in melee.
You regenerate magic rapidly.


Message History

The adder bites you but does no damage. The adder completely misses you.
You hit the adder but do no damage.
The adder is almost dead.
The adder completely misses you.
You closely miss the adder.
The adder is almost dead.
The adder bites you but does no damage. The adder closely misses you.
You hit the adder but do no damage.
The adder is severely wounded.
The adder completely misses you.
You miss the adder.
The adder is severely wounded.
The adder bites you. x2
You take 3 damage, and have 25/29 hp.
You closely miss the adder.
The adder is severely wounded.
The adder bites you but does no damage.
You miss the adder.
The adder is severely wounded.
The adder barely misses you.
You hit the adder.
You kill the adder!
Trog accepts your kill.
No target in view!
No target in view!
You see here an adder corpse.
An endoplasm comes into view.
The endoplasm quivers.
Health restored: 29 You hit the endoplasm.
The endoplasm is moderately wounded.
The endoplasm freezes you.
You are frozen.
You take 3 damage, and have 26/29 hp.
You hit the endoplasm.
You kill the endoplasm!
Trog accepts your kill.
No target in view!
Unknown command.
Are you sure you want to abandon this character and quit the game? (Confirm with "yes".)

####### #.....#
#.....### #........
################........
...............#@.......
..........####..........
######..†..####.........
#.##.†.........(...
###.###.####.#.#...#.
#%..###..###.#.#...#
###.......#....# )...
####......#### ..#.
####......#


There were no monsters in sight!

Vanquished Creatures
  2 adders (D:2)
  2 dart slugs (D:1)
  5 ball pythons
  6 endoplasms
  A giant cockroach (D:1)
  A goblin (D:1)
  6 hobgoblins
  A quokka (D:1)
  A bat (D:1)
  2 frilled lizards (D:1)
  2 kobolds
  4 rats (D:1)
33 creatures vanquished.

Notes
Turn   | Place    | Note
-------+----------+-------------------------------------------
     0 | D:1      | Dirtsage the Demonspawn Berserker began the quest for the
                  | Orb.
     0 | D:1      | Reached XP level 1. HP: 18/18 MP: 1/1
    72 | D:1      | Reached skill level 3 in Axes
   246 | D:1      | Gained mutation: You regenerate magic rapidly. [demonic
                  | ancestry]
   246 | D:1      | Reached XP level 2. HP: 24/24 MP: 2/2
   623 | D:1      | Reached ** piety under Trog
   629 | D:1      | Gained mutation: You may rarely emit foul miasma when
                  | damaged in melee. [demonic ancestry]
   629 | D:1      | Reached XP level 3. HP: 29/29 MP: 3/3
   832 | D:1      | Found Duttoog's Magic Scroll Boutique.
   835 | D:1      | Bought a scroll of teleportation for 30 gold pieces
   946 | D:2      | Reached skill level 4 in Axes
  1026 | D:2      | Quit the game

Illustrated notes

Levels and vault maps discovered:
D:1:      spicycebolla_arrival_clurvy, layout_basic, serial_shops,
          nicolae_shop_rolled_up, minmay_pentomino_r4
D:2:      layout_rooms, uniq_robin

Skill      XL: |  1  2  3 |
---------------+----------+-----
Axes           | 3 4 |  4.3
Fighting       | |  3.0
Armour         | |  1.7
Dodging        | |  1.7

Action                     || total
---------------------------++-------
  Melee: Hand axe          ||   107
         Punch             ||     2
 Invoke: Berserk           ||     1
 Armour: Animal skin       ||    28
         Ring mail         ||    34
         Skin              ||     3
  Dodge: Dodged            ||    71

Table legend: (Time is in decaauts)
 A = Elapsed time spent in this place.
 B = Non-inter-level travel time spent in this place.
 C = Inter-level travel time spent in this place.
 D = Time resting spent in this place.
 E = Time spent auto-exploring this place.
 F = Levels seen in this place.
 G = Mean time per level.
                   A        B        C        D        E       F      G
               +--------+--------+--------+--------+--------+-----+--------+
         Total |   1049 |   1019 |     30 |     40 |    738 |   2 |  524.5 |
       Dungeon |   1049 |   1019 |     30 |     40 |    738 |   2 |  524.5 |
               +--------+--------+--------+--------+--------+-----+--------+

Top non-repeatable levels by time:
     D:1: 930 daAuts
     D:2: 119 daAuts
